 Dungeon Crawl Stone Soup version 0.25.1-2-g60ff931df9 (webtiles) character file.

Game seed: 17394735026378058075

224 Almogavar the Covered (level 5, -11/47 HPs)
             Began as a Minotaur Fighter on Aug 29, 2020.
             Mangled by an ogre
             ... wielding a +0 giant spiked club
              (15 damage)
             ... on level 4 of the Dungeon.
             The game lasted 00:10:02 (2968 turns).

Almogavar the Covered (Minotaur Fighter)            Turns: 2968, Time: 00:10:03

Health: -11/47     AC:  9    Str: 22    XL:     5   Next: 67%
Magic:  4/4        EV:  8    Int:  5    God:
Gold:   130        SH:  9    Dex:  9    Spells: 4/4 levels left

rFire    . . .     SeeInvis .   a - +0 long sword
rCold    . . .     Gourm    .   c - +0 kite shield
rNeg     . . .     Faith    .   b - +0 scale mail
rPois    .         Spirit   .   (helmet restricted)
rElec    .         Reflect  .   o - +0 cloak
rCorr    .         Harm     .   n - +0 pair of gloves
MR       .....                  (no boots)
Stlth    ..........             (no amulet)
HPRegen  0.15/turn              (no ring)
MPRegen  0.09/turn              (no ring)

@: no status effects
A: retaliatory headbutt, horns 2
a: no special abilities


You were on level 4 of the Dungeon.
You were not hungry.

You visited 1 branch of the dungeon, and saw 4 of its levels.

You collected 130 gold pieces.

Inventory:

Hand Weapons
 a - a +0 long sword (weapon)
Armour
 b - a +0 scale mail (worn)
 c - a +0 kite shield (worn)
 n - a +0 pair of gloves (worn)
 o - a +0 cloak (worn)
 s - a +0 scale mail
Wands
 g - a wand of flame (20)
Scrolls
 h - a scroll of magic mapping
 j - 4 scrolls of remove curse
 q - a scroll of teleportation {unknown}
Potions
 d - a potion of might
 e - 2 potions of brilliance
 i - a potion of resistance {unknown}
 k - 2 potions of curing {unknown}
 l - a potion of lignification {unknown}
 m - a potion of invisibility {unknown}
 p - a potion of mutation {unknown}
 t - a potion of stabbing {unknown}
 u - a potion of ambrosia {unknown}
Comestibles
 f - 8 rations
 r - 2 chunks of flesh


   Skills:
 + Level 4.5 Fighting
 + Level 4.4 Long Blades
 + Level 5.2 Armour
 + Level 1.0 Dodging
 + Level 4.6 Shields


You had 4 spell levels left.
You didn't know any spells.
Your spell library was empty.

Dungeon Overview and Level Annotations

Branches:
Dungeon (4/15)
 Temple: D:4-7

Altars:
Gozag
Kikubaaqudgha
Nemelex Xobeh
Uskayaw
Zin


Innate Abilities, Weirdness & Mutations

You reflexively headbutt those who attack you in melee.
You have a pair of horns on your head.


Message History

Your scale mail prevents you from hitting the ogre.
Your headbutt misses the ogre. You block the ogre's attack.
You hit the ogre.
The ogre is lightly wounded.
The ogre hits you with a +0 giant spiked club!
You hit the ogre.
The ogre is moderately wounded.
The ogre hits you with a +0 giant spiked club!!
* * * LOW HITPOINT WARNING * * *
You are too injured to fight recklessly!
You hit the ogre but do no damage. You headbutt the ogre!
The ogre is heavily wounded.
The ogre barely misses you.
You hit the ogre.
The ogre is heavily wounded.
You block the ogre's attack.
You hit the ogre.
The ogre is severely wounded.
The ogre hits you with a +0 giant spiked club!
You die...

#...#.#
#..#.##.####......
#...#.# #..#.##.#
#.....# .....#.#
#..#.##.###.....#
###.###..
####..#............##
#.# #..
.....####...........
#.# #..
.........###.......
#.#.
.................. ..
#O.####.######....
#...###@.# #.# #.#.#
.........# #.# #.#.#
....###..# #.# #รท#.#
.. #..####.# #.#.#
#.....#.######.#.#
#.#............#.#
#.#...#..........#
#.#......#########
......<.........


You could see an ogre.

Vanquished Creatures
  A jelly (D:3)
  A hound (D:4)
  3 worker ants (D:4)
  3 adders (D:3)
  An ooze (D:3)
  A worm (D:3)
  A dart slug (D:1)
  A leopard gecko (D:2)
  5 orcs (D:3)
  A ball python (D:3)
  4 bats
  3 giant cockroaches
  7 goblins
  5 hobgoblins
  3 jackals (D:3)
  6 kobolds
  A quokka (D:2)
  2 frilled lizards
  A leopard gecko skeleton (D:4)
  5 rats
55 creatures vanquished.

Vanquished Creatures (others)
  A human (D:3)
1 creature vanquished.

Grand Total: 56 creatures vanquished

Notes
Turn   | Place    | Note
-------+----------+-------------------------------------------
     0 | D:1      | Almogavar the Minotaur Fighter began the quest for the Orb.
     0 | D:1      | Reached XP level 1. HP: 19/19 MP: 0/0
   188 | D:1      | You fall into a shaft and drop 1 floor!
   196 | D:1      | Reached XP level 2. HP: 23/27 MP: 1/1
   198 | D:1      | Reached skill level 4 in Armour
   973 | D:2      | Found a glowing silver altar of Zin.
   989 | D:2      | Found a sparkling altar of Nemelex Xobeh.
  1011 | D:2      | Reached XP level 3. HP: 33/33 MP: 2/2
  1066 | D:2      | Found a hide-covered altar of Uskayaw.
  1677 | D:3      | Found an opulent altar of Gozag.
  1757 | D:3      | Reached XP level 4. HP: 7/40 MP: 3/3
  2089 | D:3      | Reached skill level 5 in Armour
  2241 | D:3      | Found an ancient bone altar of Kikubaaqudgha.
  2242 | D:3      | Noticed a human
  2244 | D:3      | Killed a human
  2506 | D:4      | Reached XP level 5. HP: 43/47 MP: 4/4
  2778 | D:4      | Reached skill level 1 in Dodging
  2959 | D:4      | Noticed an ogre
  2968 | D:4      | Mangled by an ogre

Illustrated notes

Levels and vault maps discovered:
D:1:      ebering_trefoil_twist, layout_basic
D:2:      layout_loops_ring, lemuel_round_altar, lemuel_crystal_altar,
          nemelex_xobeh_ov_fountains_minmay
D:3:      layout_basic, lemuel_round_altar, grunt_decor_one_mirror,
          tgw_kikubaaqudgha
D:4:      layout_basic, first_ration

Skill      XL: |  1  2  3  4  5 |
---------------+----------------+-----
Fighting       | 4 |  4.5
Armour         | 4 5 |  5.2
Shields        | 4 |  4.6
Long Blades    | 3 4 |  4.4
Dodging        | 1 |  1.0

Action                   |  1- 3 |  4- 6 || total
-------------------------+-------+-------++-------
Melee: Long sword        |    90 |    50 ||   140
       Headbutt          |    14 |     9 ||    23
  Use: Scroll            |     4 |       ||     4
  Eat: Chunk             |     3 |     4 ||     7
Armor: Scale mail        |    40 |    18 ||    58
Dodge: Dodged            |    30 |    15 ||    45
Block: Kite shield       |    61 |    32 ||    93
       Rpst.: Long sword |     9 |     7 ||    16
